AoeStats
← willrhyd

Arena

509727149Analyzed
3v3 RM · 4d ago on Sep 27, 2026· 42m 49s· 6 players
Game mode
Random Map
Map size
Normal (6 player)
Population
200
Speed
Normal
Resources
Standard
Victory
Conquest
Starting age
Dark Age
Ending age
Imperial Age
RankedLock teamsTeams togetherTeam positionsShared explorationLock speedFull tech treeHidden civsTurbo modeCheats
Victory
Defeat
🇬🇧 Poles · United Kingdom
1382
+17
🇸🇪 Spanish · Sweden
1333
+19
🇨🇳 Mongols · China
1328
+19
🇩🇪 Bohemians · Germany
1417
-19
🇩🇪 Bengalis · Germany
1415
-19
1373
-17
johg0001
10:36 Feudal Age
14:33 Castle Age
12:48 Double-Bit Axe
13:32 Horse Collar
16:40 Wheelbarrow
17:10 Loom
20:31 Hand Cart
22:06 Bow Saw
22:26 Heavy Plow
23:09 Gold Mining
28:57 Imperial Age
26:53 Bloodlines
26:44 Husbandry
26:51 Scale Barding Armor
27:56 Chain Barding Armor
28:38 Forging
30:18 Iron Casting
29:09 Cavalier
30:26 Plate Barding Armor
30:51 Paladin
35:26 Conscription
35:16 Stone Mining
35:46 Town Watch
37:49 Town Patrol
37:24 Sappers
40:59 Blast Furnace
pickmyself or end
10:36 Feudal Age
11:54 Double-Bit Axe
11:50 Horse Collar
14:50 Castle Age
15:52 Bow Saw
17:01 Wheelbarrow
16:31 Heavy Plow
17:17 Wheelbarrow
21:19 Fervor
24:50 Hand Cart
24:20 Loom
24:21 Town Watch
24:40 Gold Mining
24:40 Stone Mining
28:46 Imperial Age
26:17 Fletching
27:11 Gold Shaft Mining
27:28 Stone Shaft Mining
27:08 Padded Archer Armor
27:04 Bodkin Arrow
28:56 Ballistics
28:53 Leather Archer Armor
28:50 Forging
29:59 Conscription
28:59 Onager
29:42 Bracer
30:21 Husbandry
30:27 Siege Onager
31:43 Devotion
31:51 Siege Engineers
32:16 Drill
32:51 Scale Barding Armor
32:12 Elite Mangudai
33:02 Light Cavalry
33:58 Bloodlines
34:43 Iron Casting
35:10 Chemistry
34:42 Chain Barding Armor
37:18 Hussar
38:50 Caravan
willrhyd
8:51 Feudal Age
9:24 Double-Bit Axe
9:21 Horse Collar
17:00 Castle Age
16:04 Gold Mining
17:45 Heavy Plow
18:00 Bow Saw
24:00 Imperial Age
21:23 Crossbowman
23:12 Fletching
23:23 Padded Archer Armor
24:13 Ballistics
24:29 Thumb Ring
25:41 Chemistry
26:02 Wheelbarrow
25:32 Bodkin Arrow
26:34 Bracer
29:21 Arbalester
32:15 Loom
33:06 Wheelbarrow
33:47 Leather Archer Armor
35:19 Hand Cart
36:05 Stone Mining
40:24 Siege Engineers
40:30 Masonry
DerZerfetzer
10:30 Feudal Age
13:58 Castle Age
13:21 Double-Bit Axe
13:18 Horse Collar
15:34 Bow Saw
15:49 Heavy Plow
16:06 Loom
17:44 Loom
21:53 Wheelbarrow
22:24 Gold Mining
22:59 Hand Cart
27:30 Imperial Age
25:20 Town Watch
26:27 Fletching
26:38 Padded Archer Armor
27:05 Bodkin Arrow
27:23 Masonry
27:36 Ballistics
28:17 Gold Shaft Mining
27:44 Stone Mining
28:07 Bloodlines
27:57 Husbandry
27:55 Elite Elephant Archer
28:36 Bracer
28:51 Leather Archer Armor
29:51 Chemistry
30:16 Block Printing
30:25 Redemption
31:38 Siege Engineers
32:07 Fervor
32:33 Theocracy
32:52 Masonry
33:56 Paiks
37:11 Scale Barding Armor
37:17 Forging
36:38 Light Cavalry
38:12 Chain Barding Armor
38:06 Paiks
38:43 Conscription
DerButtermesserSchlitzer
10:54 Feudal Age
14:34 Castle Age
13:08 Double-Bit Axe
21:25 Horse Collar
21:57 Bow Saw
21:35 Loom
25:34 Wheelbarrow
25:45 Heavy Plow
26:38 Gold Mining
28:31 Gold Shaft Mining
31:05 Imperial Age
28:58 Hand Cart
29:30 Husbandry
29:41 Bloodlines
30:49 Cavalier
31:01 Cavalier
31:48 Scale Barding Armor
31:54 Forging
33:45 Chain Barding Armor
34:01 Iron Casting
32:48 Savar
34:52 Caravan
35:54 Plate Barding Armor
42:18 Light Cavalry
44:02 Blast Furnace
DerZerSchlachta
10:13 Feudal Age
14:09 Castle Age
12:25 Double-Bit Axe
12:27 Horse Collar
15:10 Bow Saw
15:43 Loom
21:20 Wheelbarrow
20:49 Heavy Plow
22:39 Hand Cart
27:43 Imperial Age
26:24 Chemistry
26:07 Padded Archer Armor
27:25 Leather Archer Armor
27:04 Pikeman
28:12 Fletching
28:45 Ballistics
29:05 Ring Archer Armor
27:59 Elite Skirmisher
28:58 Fortified Wall
29:05 Bodkin Arrow
31:03 Ring Archer Armor
30:34 Bracer
38:53 Scale Mail Armor
39:03 Forging
39:30 Pikeman
40:11 Squires
Connection lost

Rejoining the realm…

Still unreachable

The connection could not be restored.

Session expired

The server has moved on; the page needs a fresh start.